 Dungeon Crawl Stone Soup version 0.31-a0-1159-g800acc2fd1 (webtiles) character file.

Game seed: 16821512588649516350

2919 Bnni the Spear-Bearer (level 10, -2/82 HPs)
             Began as a Formicid Fighter on Dec 8, 2023.
             Was an Initiate of Yredelemnul.
             Succumbed to a killer bee's poison
             ... on level 6 of the Dungeon.
             The game lasted 00:14:30 (6808 turns).

Bnni the Spear-Bearer (Formicid Fighter)            Turns: 6808, Time: 00:14:31

Health: -2/82      AC:  6    Str: 25    XL:     10   Next: 6%
Magic:  23/23      EV:  8    Int:  8    God:    Yredelemnul [......]
Gold:   659        SH:  5    Dex: 13    Spells: 9/9 levels left

rFire   + . .        x - +4 spear
rCold   + . .        c - +0 buckler
rNeg    . . .        t - +0 chain mail
rPois   +            (helmet unavailable)
rElec   +            (no cloak)
rCorr   +            h - +0 pair of gloves
SInv    +            (no boots)
Will    +....        (no amulet) Stlth
                     l - ring of magical power
HPRegen 0.33/turn    q - ring of flight
MPRegen 0.18/turn

%: no passive effects
@: brilliant, lethally poisoned (-2 -> -13), resistant, flying
A: permanent stasis, dig shafts and tunnels, antennae 3, four strong arms, claws
1, deformed body, inability to read after injury 1
a: Dig, Shaft Self, Renounce Religion, Recall Undead Harvest


You were on level 6 of the Dungeon.
You worshipped Yredelemnul.
Yredelemnul was noncommittal.
You visited 2 branches of the dungeon, and saw 8 of its levels.
You also visited: Ossuary.

You collected 659 gold pieces.

Inventory:

Hand Weapons
 a - a +0 trident
 x - a +4 spear (weapon)
Missiles
 u - 5 javelins
 y - 4 poisoned darts
Armour
 c - a +0 buckler (worn)
 h - a +0 pair of gloves (worn)
 t - a +0 chain mail (worn)
Jewellery
 l - a ring of magical power (left hand)
 q - a ring of flight (right hand)
Wands
 b - a wand of iceblast (6)
 i - a wand of mindburst (9)
 k - a wand of light (11)
 w - a wand of polymorph (13)
Scrolls
 e - 7 scrolls of identify {unknown}
 g - 2 scrolls of enchant weapon {unknown}
 j - 3 scrolls of teleportation {unknown}
 m - 4 scrolls of amnesia {unknown}
 o - a scroll of poison {unknown}
 v - 3 scrolls of fear {unknown}
 C - a scroll of revelation {unknown}
 E - 2 scrolls of fog {unknown}
Potions
 d - a potion of might
 f - 2 potions of lignification {unknown}
 n - a potion of haste {unknown}
 p - a potion of cancellation {unknown}
 r - a potion of resistance
 s - a potion of attraction {unknown}
 B - 2 potions of mutation
 D - a potion of brilliance
 F - 2 potions of degeneration {unknown}


   Skills:
 + Level 8.4 Fighting
 * Level 10.2 Polearms
 - Level 3.2 Armour
 - Level 4.0 Shields
 + Level 5.9 Invocations


You had 9 spell levels left.
You didn't know any spells.
Your spell library contained the following spells:

 Spells                   Type           Power      Damage    Failure   Level
 Summon Small Mammal      Summ           0%         N/A       95%         1
 Call Canine Familiar     Summ           0%         N/A       100%        3
 Dazzling Flash           Conj/Hex       0%         N/A       100%        3
 Summon Guardian Golem    Hex/Summ       0%         N/A       100%        3
 Volatile Blastmotes      Fire/Tloc      0%         2d10      100%        3
 Starburst                Conj/Fire      0%         6d3       100%        6
 Maxwell's Capacitive Co  Air            0%         ∞         100%        8


Dungeon Overview and Level Annotations

Branches:
Dungeon (7/15)             Temple (1/1) D:5         Ossuary (visited)

Altars:
Ashenzari
Cheibriados
Dithmenos
Elyvilon
Fedhas
Gozag
Hepliaklqana
Makhleb
Okawaru
Qazlal
Sif Muna
Trog
Vehumet
Wu Jian
Yredelemnul
The Shining One

Shops:
D:1 (   D:2 :   D:6 [


Innate Abilities, Weirdness & Mutations

You cannot be hasted, slowed, berserked, paralysed or teleported.
You can dig through walls and to a lower floor.
You have a pair of large antennae on your head. (SInv)
Your four strong arms can wield two-handed weapons with a shield.
You have sharp fingernails.
Armour fits poorly on your strangely shaped body.
You occasionally lose the ability to read scrolls when taking damage.


Message History

The killer bee stings you!
* * * LOW HITPOINT WARNING * * *
You are more poisoned.
The killer bee poisons you!
Unknown command.
You puncture the killer bee!
The killer bee is almost dead.
* * * LOW HITPOINT WARNING * * *
You feel very sick.
The killer bee stings you but does no damage.
Unknown command.
You miss the killer bee.
The killer bee is almost dead.
* * * LOW HITPOINT WARNING * * *
You feel sick. You block the killer bee's attack.
Unknown command.
Okay, then.
You closely miss the killer bee.
The killer bee is almost dead.
* * * LOW HITPOINT WARNING * * *
You feel very sick. The killer bee stings you.
* * * LOW HITPOINT WARNING * * *
You are more poisoned.
The killer bee poisons you! You block the killer bee's attack.
It was a potion of mutation.
You feel extremely strange.
Your fingernails lengthen.
Your body twists and deforms.
You occasionally lose the ability to read scrolls when taking damage.
* * * LOW HITPOINT WARNING * * *
You feel very sick. The killer bee closely misses you.
You block the killer bee's attack.
It was a potion of resistance.
You feel protected.
* * * LOW HITPOINT WARNING * * *
You feel very sick. The killer bee barely misses you.
You block the killer bee's attack.
It was a potion of brilliance.
You feel clever all of a sudden.
You die...
Your body rises from the dead as a mindless zombie.

.##.##........####.............##
....##[.......##.................
.##..#.........................#.
.............................####
.........##.................## #
#......[.#....##....)......## ###
#.#............#......#....####..
###.[..........#.y...<#...###.#..
.###............@................
..#8.8.8.........................
.........#.......................
.8.<.∩.>.8.....................##
........................#.##..###
...8#8.8.......................#
...###...............##........#
.....##......##..##...##.......#
......#....#.###..#...#...#....##


You could see a killer bee.

Vanquished Creatures
  Prince Ribbit (D:6)
  A shadow (D:6)
  Menkaure (D:6)
  A water moccasin (D:5)
  A black bear (D:6)
  A sky beast (D:6)
  2 centaurs (D:5)
  A lemure (D:6)
  Blork the orc (D:5)
  2 scorpions
  3 necrophages (D:6)
  3 wights (D:6)
  3 killer bees
  A centaur zombie (D:6)
  A bullfrog zombie (D:6)
  An orc priest (D:5)
  4 hounds
  A jelly (D:5)
  2 orc wizards (D:5)
  An iguana (D:6)
  A sleepcap (D:5)
  3 killer bee zombies (D:6)
  8 mummies (Ossuary)
  Robin (D:2)
  5 adders
  8 gnolls
  2 ufetubi (D:6)
  A worm (D:2)
  3 dart slugs
  5 orcs
  6 ball pythons
  5 endoplasms
  4 giant cockroaches
  2 gnoll zombies (Ossuary)
  14 goblins
  8 hobgoblins
  4 jackals (D:3)
  4 quokkas
  2 bats
  A hobgoblin zombie (Ossuary)
  A kobold (D:1)
  3 kobold zombies (Ossuary)
  2 orc zombies (Ossuary)
  5 rats
130 creatures vanquished.

Vanquished Creatures (collateral kills)
  Pikel (D:6)
  A bullfrog (D:6)
  A wight (D:6)
  A hound (D:6)
  An iguana (D:6)
5 creatures vanquished.

Vanquished Creatures (others)
  A spectral human (D:6)
  An adder zombie (D:6)
  2 spectral ufetubi (D:6)
4 creatures vanquished.

Grand Total: 139 creatures vanquished

Notes
Turn   | Place    | Note
-------+----------+-------------------------------------------
     0 | D:1      | Bnni the Formicid Fighter began the quest for the Orb.
     0 | D:1      | Reached XP level 1. HP: 18/18 MP: 1/1
   211 | D:1      | Found Jefenecs's Antique Weapon Shop.
   283 | D:1      | Reached XP level 2. HP: 24/24 MP: 2/2
   641 | D:2      | Noticed Robin
   651 | D:2      | Reached XP level 3. HP: 26/30 MP: 3/3
   658 | D:2      | Reached skill level 3 in Polearms
   694 | D:2      | Killed Robin
   882 | D:2      | Reached XP level 4. HP: 26/37 MP: 4/4
   889 | D:2      | Found Kelonui's Book Shoppe.
  1105 | D:2      | Found an iron altar of Okawaru.
  1227 | D:2      | Reached skill level 4 in Polearms
  1542 | D:3      | Reached XP level 5. HP: 39/42 MP: 5/5
  1959 | D:3      | Found an ornate altar of the Wu Jian Council.
  3142 | D:4      | Reached XP level 6. HP: 9/49 MP: 6/6
  3149 | D:4      | Reached skill level 5 in Fighting
  3149 | D:4      | Reached skill level 5 in Polearms
  3323 | D:5      | Entered Level 5 of the Dungeon
  3372 | D:5      | Reached XP level 7. HP: 6/56 MP: 7/7
  3605 | D:5      | Noticed Blork the orc
  3615 | D:5      | Killed Blork the orc
  3616 | D:5      | Reached skill level 6 in Polearms
  4180 | D:5      | Found a staircase to the Ecumenical Temple.
  4202 | D:5      | Reached skill level 7 in Polearms
  4202 | D:5      | Reached XP level 8. HP: 25/64 MP: 8/8
  4211 | Temple   | Entered the Ecumenical Temple
  4237 | Temple   | Became a worshipper of Yredelemnul the Dark
  4833 | D:6      | Found a blossoming altar of Fedhas.
  4898 | D:6      | Reached skill level 1 in Invocations
  5060 | D:6      | Noticed Prince Ribbit
  5082 | D:6      | Killed Prince Ribbit
  5082 | D:6      | Reached * piety under Yredelemnul
  5083 | D:6      | Reached skill level 8 in Polearms
  5293 | D:6      | Found Uqu Jih's Armour Emporium.
  5300 | D:6      | Noticed Pikel
  5310 | D:6      | Killed Pikel
  5311 | D:6      | Reached skill level 9 in Polearms
  5311 | D:6      | Reached XP level 9. HP: 67/72 MP: 12/12
  5331 | D:6      | Reached ** piety under Yredelemnul
  5344 | D:6      | Your ally Prince Ribbit died
  5397 | D:6      | Found a sand-covered staircase.
  5408 | D:6      | Identified the +0 hand axe "Bostrimmo" {spect, rC+ Str+2}
  5415 | Ossuary  | Entered an ossuary
  5734 | Ossuary  | Reached skill level 5 in Invocations
  5912 | D:6      | Identified the +10 rapier "Fuupsul" {freeze, rCorr Str+3}
  5916 | D:6      | Noticed Menkaure
  6228 | D:6      | Killed Menkaure
  6414 | D:6      | Reached skill level 10 in Polearms
  6426 | D:6      | Reached XP level 10. HP: 43/80 MP: 14/14
  6806 | D:6      | Gained mutation: You have sharp fingernails. [potion of
                  | mutation]
  6806 | D:6      | Gained mutation: Armour fits poorly on your strangely
                  | shaped body. [potion of mutation]
  6806 | D:6      | Gained mutation: You occasionally lose the ability to read
                  | scrolls when taking damage. [potion of mutation]
  6806 | D:6      | HP: 4/82 [poisoned by a killer bee]
  6807 | D:6      | HP: 1/82 [poisoned by a killer bee]
  6808 | D:6      | Succumbed to a killer bee's poison

Illustrated notes

Levels and vault maps discovered:
D:1:      lightli_arrival_noodles, layout_rooms, serial_shops,
          nicolae_shop_statue_plus
D:2:      layout_loops_ring, basic_altar, serial_shops, shop,
          grunt_ministairs_10, uniq_robin
D:3:      layout_rooms, nicolae_wu_jian_immortal_techniques
D:4:      layout_layer_cave, eino_tiny_chamber, lightli_corner_chamber
D:5:      layout_gridville, temple_fountains, uniq_blork_the_orc
D:6:      layout_cave_pools, fedhas_altar_decomposition,
          nicolae_ossuary_entry_ruins, serial_shops, nicolae_stop_n_shop_2,
          minmay_misc_feat_more_columns, uniq_menkaure, uniq_pikel,
          uniq_prince_ribbit1
D:7:      layout_rooms, minmay_misc_feat_nine_boxes
Temple:   minmay_temple_curvy_branch

Skill      XL: |  1  2  3  4  5  6  7  8  9 |
---------------+----------------------------+-----
Polearms       | 3 4 5 7 9 10 | 10.2
Fighting       | 4 5 6 7 8 |  8.4
Invocations    | 4 5 |  5.9
Armour         | |  3.2
Shields        | |  4.0

Action                     |  1- 3 |  4- 6 |  7- 9 | 10-12 || total
---------------------------+-------+-------+-------+-------++-------
  Melee: Trident           |    96 |   173 |   260 |       ||   529
         Spear             |       |       |   126 |    24 ||   150
  Throw: Javelin           |       |       |     1 |       ||     1
 Invoke: Dark Bargain      |       |       |     1 |       ||     1
Ability: Dig               |       |     1 |       |       ||     1
  Evoke: Wand              |       |       |     4 |       ||     4
    Use: Potion            |       |     4 |     2 |     3 ||     9
   Stab: Distracted        |       |       |     1 |       ||     1
 Armour: Scale mail        |    57 |    63 |       |       ||   120
         Chain mail        |       |    45 |   206 |    30 ||   281
  Dodge: Dodged            |    28 |    81 |   109 |    15 ||   233
  Block: Buckler           |    23 |    39 |    46 |    17 ||   125

Table legend: (Time is in decaauts)
 A = Elapsed time spent in this place.
 B = Non-inter-level travel time spent in this place.
 C = Inter-level travel time spent in this place.
 D = Time resting spent in this place.
 E = Time spent auto-exploring this place.
 F = Levels seen in this place.
 G = Mean time per level.
                   A        B        C        D        E       F      G
               +--------+--------+--------+--------+--------+-----+--------+
         Total |   6779 |   6413 |    366 |   1014 |   4160 |   9 |  753.2 |
       Dungeon |   6269 |   5952 |    317 |    782 |   4060 |   7 |  895.6 |
        Temple |     51 |      2 |     49 |      0 |      0 |   1 |   51.0 |
       Ossuary |    458 |    458 |      0 |    232 |    100 |   1 |  458.0 |
               +--------+--------+--------+--------+--------+-----+--------+

Top non-repeatable levels by time:
     D:5: 1713 daAuts
     D:4: 1238 daAuts
     D:6: 1196 daAuts
     D:2: 923 daAuts
     D:1: 622 daAuts
     D:3: 571 daAuts
 Ossuary: 458 daAuts
  Temple: 51 daAuts
     D:7: 3 daAuts
